 Dungeon Crawl Stone Soup version 0.23.1-38-g628c18f423 (webtiles) character file.

Game seed: 1622888402230385987

3344 zeros the Blocker (level 9, -4/72 HPs)
             Began as a Demonspawn Fighter on Mar 29, 2019.
             Was a Follower of Makhleb.
             Slain by a hog (5 damage)
             ... on level 8 of the Dungeon.
             The game lasted 00:23:08 (7578 turns).

zeros the Blocker (Demonspawn Fighter)              Turns: 7578, Time: 00:23:09

Health: -4/72      AC: 12    Str: 21    XL:     9   Next: 72%
Magic:  0/9        EV:  7    Int:  9    God:    Makhleb [*.....]
Gold:   518        SH: 11    Dex: 12    Spells: 8/8 levels left

rFire    . . .     SeeInvis .   a - +2 war axe
rCold    + . .     Gourm    .   c - +0 shield
rNeg     . . .     Faith    .   j - +0 plate armour
rPois    .         Spirit   +   (helmet restricted)
rElec    .         Reflect  .   l - scarf {Spirit}
rCorr    .         Harm     .   (no gloves)
MR       +....                  (no boots)
Stlth    ..........             d - amulet of guardian spirit
HPRegen  0.22/turn              s - ring of protection from magic
MPRegen  0.11/turn              (no ring)

@: no status effects
A: horns 1, repulsion field 1, cold resistance 1, nightstalker 2
a: Renounce Religion


You were on level 8 of the Dungeon.
You worshipped Makhleb.
Makhleb was aware of your devotion.
You were not hungry.

You visited 2 branches of the dungeon, and saw 9 of its levels.

You collected 518 gold pieces.

Inventory:

Hand Weapons
 a - a +2 war axe (weapon)
Armour
 b - a +0 scale mail
 c - a +0 shield (worn)
 j - a +0 plate armour (worn)
 l - a scarf of spirit shield (worn)
 t - a +0 chain mail of cold resistance
Jewellery
 d - an amulet of guardian spirit (around neck)
 s - a ring of protection from magic (left hand)
Scrolls
 g - a scroll of amnesia
 h - 8 scrolls of identify
 n - 6 scrolls of remove curse
 o - a scroll of enchant armour {unknown}
 r - a scroll of magic mapping {unknown}
 u - a scroll of vulnerability {unknown}
 v - a scroll of immolation {unknown}
 w - a scroll of random uselessness {unknown}
 x - a scroll of fog {unknown}
 y - 2 scrolls of teleportation
Potions
 e - 2 potions of curing
 i - a potion of lignification {unknown}
 k - 3 potions of flight {unknown}
 m - 2 potions of degeneration {unknown}
 p - a potion of brilliance
 q - 3 potions of agility {unknown}
 z - a potion of mutation {unknown}
 A - a potion of ambrosia {unknown}
Comestibles
 f - 5 rations


   Skills:
 + Level 7.1 Fighting
 + Level 5.8 Axes
 + Level 6.2 Armour
 * Level 8.4 Shields


You had 8 spell levels left.
You didn't know any spells.
Your spell library was empty.

Dungeon Overview and Level Annotations

Branches:
Dungeon (8/15)             Temple (1/1) D:5
   Lair: D:8-11

Altars:
Ashenzari
Cheibriados
Dithmenos
Elyvilon
Fedhas
Gozag
Hepliaklqana
Kikubaaqudgha
Makhleb
Nemelex Xobeh
Okawaru
Qazlal
Ru
Sif Muna
Trog
Uskayaw
Vehumet
Xom
Yredelemnul
Zin
The Shining One

Shops:
D:5 (


Innate Abilities, Weirdness & Mutations

You have a pair of small horns on your head.
You are surrounded by a mild repulsion field. (EV +2)
Your flesh is cold resistant. (rC+)
You are significantly more attuned to the shadows.


Message History

You kill the hog!
Makhleb accepts your kill.
You completely miss the hog. The hog bites you!
* * * LOW HITPOINT WARNING * * *
The hog barely misses you.
You hit the hog but do no damage. Your headbutt misses the hog.
The hog is heavily wounded.
The hog bites you!
* * * LOW HITPOINT WARNING * * *
You hit the hog. You headbutt the hog, but do no damage.
The hog is heavily wounded.
The hog bites you but does no damage. The hog bites you.
* * * LOW HITPOINT WARNING * * *
You hit the hog.
The hog is severely wounded.
The hog bites you but does no damage.
You slash the hog!
The hog is almost dead.
The hog bites you but does no damage. The hog bites you.
You die...

#######
#.....#
#.....#
######h>...#
%%...')@...#
%....#.....#
##'###.....#
.....#.....#
.....#.....#
######....##
#.........#
#.........#
###.........#


You could see a hog.

Vanquished Creatures
  Grinder (D:5)
  A hippogriff (D:7)
  Sigmund (D:5)
  A human (D:8)
  3 hogs (D:8)
  A sky beast (D:7)
  2 orc warriors
  4 ice beasts
  2 phantoms (D:7)
  3 ogres
  A centaur (D:6)
  3 bullfrogs (D:7)
  2 gnoll sergeants
  A scorpion (D:8)
  A howler monkey (D:5)
  A jelly (D:6)
  A quasit (D:7)
  2 orc priests (D:7)
  A centaur skeleton (D:6)
  A hound (D:5)
  2 orc wizards
  Crazy Yiuf (D:4)
  A bullfrog skeleton (D:4)
  5 worker ants
  A hound zombie (D:7)
  9 gnolls
  10 adders
  2 shadow imps
  An adder skeleton (D:5)
  2 worms (D:2)
  2 dart slugs (D:2)
  2 leopard geckos
  17 orcs
  4 giant cockroaches
  10 goblins
  5 hobgoblins
  8 jackals
  5 quokkas
  3 ball pythons
  6 bats
  3 frilled lizards
  A goblin skeleton (D:7)
  A goblin zombie (D:7)
  2 hobgoblin zombies (D:7)
  A jackal skeleton (D:6)
  6 kobolds
  A kobold skeleton (D:7)
  A kobold zombie (D:7)
  An orc skeleton (D:7)
  2 orc zombies (D:7)
  5 rats
153 creatures vanquished.

Notes
Turn   | Place    | Note
-------+----------+-------------------------------------------
     0 | D:1      | zeros the Demonspawn Fighter began the quest for the Orb.
     0 | D:1      | Reached XP level 1. HP: 18/18 MP: 1/1
   108 | D:1      | Gained mutation: Your flesh is cold resistant. (rC+)
                  | [demonic ancestry]
   108 | D:1      | Reached XP level 2. HP: 23/24 MP: 2/2
   598 | D:2      | Reached skill level 3 in Shields
   598 | D:2      | Reached XP level 3. HP: 29/29 MP: 3/3
  1198 | D:2      | Reached XP level 4. HP: 23/37 MP: 4/4
  2702 | D:4      | Gained mutation: You are slightly more attuned to the
                  | shadows. [demonic ancestry]
  2702 | D:4      | Reached XP level 5. HP: 41/42 MP: 5/5
  2819 | D:4      | Found a hazy altar of Hepliaklqana.
  2820 | D:4      | Found a shimmering altar of Xom.
  2820 | D:4      | Noticed a hell beast
  2821 | D:4      | Noticed a hell beast
  2821 | D:4      | Noticed a spectral ugly thing
  2970 | D:4      | Noticed an ogre
  2984 | D:4      | Killed an ogre
  2984 | D:4      | Reached skill level 4 in Shields
  3124 | D:4      | Reached XP level 6. HP: 45/48 MP: 6/6
  3228 | D:4      | Found a runed translucent door.
  3229 | D:4      | Noticed Crazy Yiuf
  3240 | D:4      | Killed Crazy Yiuf
  3397 | D:5      | Entered Level 5 of the Dungeon
  3406 | D:5      | Noticed Grinder
  3415 | D:5      | Paralysed by Grinder for 4 turns
  3428 | D:5      | Killed Grinder
  3428 | D:5      | Reached skill level 5 in Shields
  3428 | D:5      | Gained mutation: You are surrounded by a mild repulsion
                  | field. (EV +2) [demonic ancestry]
  3428 | D:5      | Reached XP level 7. HP: 20/55 MP: 4/7
  3841 | D:5      | Reached skill level 5 in Fighting
  4211 | D:5      | Found a staircase to the Ecumenical Temple.
  4236 | Temple   | Entered the Ecumenical Temple
  4355 | Temple   | Became a worshipper of Makhleb the Destroyer
  4445 | D:5      | Found Qumenoj's Antique Weapon Boutique.
  4445 | D:5      | Noticed Sigmund
  4466 | D:5      | Killed Sigmund
  4466 | D:5      | Reached skill level 6 in Shields
  4466 | D:5      | Gained mutation: You have a pair of small horns on your
                  | head. [demonic ancestry]
  4466 | D:5      | Reached XP level 8. HP: 41/63 MP: 4/8
  5151 | D:6      | Reached skill level 5 in Armour
  5622 | D:7      | Noticed a hippogriff
  5628 | D:7      | Killed a hippogriff
  5628 | D:7      | Reached skill level 7 in Shields
  5696 | D:7      | Found a deep blue altar of Sif Muna.
  5697 | D:7      | Found an iron altar of Okawaru.
  5697 | D:7      | Found a sparkling altar of Nemelex Xobeh.
  5731 | D:7      | Found a glowing golden altar of the Shining One.
  5733 | D:7      | Reached * piety under Makhleb
  5761 | D:7      | Reached skill level 5 in Axes
  5841 | D:7      | Gained mutation: You are significantly more attuned to the
                  | shadows. [demonic ancestry]
  5841 | D:7      | Reached XP level 9. HP: 54/69 MP: 6/9
  7189 | D:8      | Reached skill level 8 in Shields
  7575 | D:8      | HP: 2/72 [hog (7)]
  7578 | D:8      | Slain by a hog

Skill      XL: |  1  2  3  4  5  6  7  8  9 |
---------------+----------------------------+-----
Axes           | 2 3 4 5 |  5.8
Shields        | 3 4 5 6 7 8 |  8.4
Armour         | 3 4 5 6 |  6.2
Fighting       | 4 5 6 7 |  7.1

Action                   |  1- 3 |  4- 6 |  7- 9 || total
-------------------------+-------+-------+-------++-------
Melee: War axe           |   115 |   168 |   303 ||   586
       Headbutt          |       |       |    50 ||    50
  Use: Scroll            |       |     5 |     7 ||    12
       Potion            |       |     1 |     1 ||     2
  Eat: Ration            |     1 |     1 |     4 ||     6
       Chunk             |       |     2 |     1 ||     3
Armor: Scale mail        |    42 |       |       ||    42
       Plate armour      |    48 |   118 |   164 ||   330
Dodge: Dodged            |    25 |    27 |    89 ||   141
Block: Shield            |    79 |    93 |   193 ||   365
